 Dungeon Crawl Stone Soup version 0.21.1-1-g345015f (webtiles) character file.

72 yang the Slasher (level 4, 0/33 HPs)
             Began as a Demonspawn Gladiator on June 10, 2018.
             Slain by a gnoll
             ... wielding a +0 whip
              (7 damage)
             ... on level 4 of the Dungeon.
             The game lasted 00:05:03 (928 turns).

yang the Slasher (Demonspawn Gladiator)              Turns: 928, Time: 00:05:03

Health: 0/33       AC:  4    Str: 16    XL:     4   Next: 7%
Magic:  4/4        EV: 13    Int:  9    God:
Gold:   71         SH:  0    Dex: 16    Spells: 3/3 levels left

rFire    . . .     SeeInvis .   a - +0 long sword
rCold    . . .     Gourm    .   (no shield)
rNeg     . . .     Faith    .   b - +0 leather armour
rPois    .         Spirit   .   c - +0 helmet
rElec    .         Reflect  .   (no cloak)
rCorr    .         Harm     .   (no gloves)
MR       .....                  (no boots)
Stlth    ++........             (no amulet)
HPRegen  0.11/turn              (no ring)
MPRegen  0.09/turn              (no ring)

@: no status effects
A: thin skeletal structure 1, foul stench 1, rot immunity
a: no special abilities


You were on level 4 of the Dungeon.
You were not hungry.

You visited 1 branch of the dungeon, and saw 3 of its levels.

You collected 71 gold pieces.

Inventory:

Hand Weapons
 a - a +0 long sword (weapon)
Missiles
 d - 3 throwing nets (quivered)
Armour
 b - a +0 leather armour (worn)
 c - a +0 helmet (worn)
Scrolls
 i - a scroll of enchant armour
Potions
 e - a potion of curing
Comestibles
 f - 3 rations


   Skills:
 + Level 2.2 Fighting
 + Level 3.4 Long Blades
 + Level 1.9 Throwing
 + Level 1.1 Armour
 + Level 3.2 Dodging
 + Level 0.5 Stealth


You had 3 spell levels left.
You didn't know any spells.

Dungeon Overview and Level Annotations

Branches:
Dungeon (2/15)

Altars:
Okawaru


Innate Abilities, Weirdness & Mutations

You have a somewhat thin skeletal structure. (Dex +2, Stealth)
You may emit foul miasma when damaged in melee.
You are immune to rotting.


Message History

A gnoll comes into view. It is wielding a halberd.
You hit the gnoll.
The gnoll is moderately wounded.
The gnoll hits you with a whip.
* * * LOW HITPOINT WARNING * * *
The gnoll looks sick.
You hit the gnoll.
The gnoll is heavily wounded.
The gnoll closely misses you.
You hit the gnoll.
The gnoll is almost dead.
The gnoll hits you with a whip.
* * * LOW HITPOINT WARNING * * *
You hit the gnoll but do no damage.
The gnoll is almost dead.
The gnoll misses you. x2
You hit the gnoll but do no damage.
The gnoll is almost dead.
The gnoll hits you with a whip!
You die...

.... .. #######.### #.#
#......... ...
#....##.###.#
#...........# #.#
#...........# #.#
#...........# #.#
#....##.######.# #.#
#....##.@gg..... # #.#
#....#....#.##.# ###.#.#
#....#....#.#
....#.###....#....#.#
#...............#.#
#.#.###....#....#.##.# #
#.########....#.#..####
###.#.............#.#.....
..................#.#...#


You could see 2 gnolls.

Vanquished Creatures
  A hound (D:4)
  An ooze (D:1)
  A worm (D:2)
  A dart slug (D:2)
  2 leopard geckos
  A giant cockroach (D:2)
  3 goblins (D:2)
  6 hobgoblins
  2 jackals (D:1)
  4 bats
  2 frilled lizards
  5 kobolds
  A rat (D:1)
30 creatures vanquished.

Notes
Turn   | Place    | Note
-------+----------+-------------------------------------------
     0 | D:1      | yang the Demonspawn Gladiator began the quest for the Orb.
     0 | D:1      | Reached XP level 1. HP: 16/16 MP: 1/1
   121 | D:1      | Gained mutation: You have a somewhat thin skeletal structure. (Dex +2, Stealth) [demonic ancestry]
   121 | D:1      | Reached XP level 2. HP: 22/22 MP: 2/2
   665 | D:2      | Found an iron altar of Okawaru.
   693 | D:2      | Gained mutation: You are immune to rotting. [demonic ancestry]
   693 | D:2      | Reached XP level 3. HP: 16/27 MP: 3/3
   865 | D:2      | You fall through a shaft for 2 floors!
   920 | D:4      | Reached skill level 1 in Armour
   920 | D:4      | Gained mutation: You may emit foul miasma when damaged in melee. [demonic ancestry]
   920 | D:4      | Reached XP level 4. HP: 27/33 MP: 4/4
   928 | D:4      | Slain by a gnoll

Skill      XL: |  1  2  3 |
---------------+----------+-----
Long Blades    | 3 |  3.4
Dodging        | 3 |  3.2
Armour         | 1 |  1.1
Fighting       | |  2.2
Throwing       | |  1.9
Stealth        | |  0.5

Action                   |  1- 3 |  4- 6 || total
-------------------------+-------+-------++-------
Melee: Long sword        |    95 |     6 ||   101
  Use: Potion            |     2 |       ||     2
       Scroll            |     1 |       ||     1
 Stab: Sleeping          |     1 |       ||     1
Armor: Leather armour    |    38 |     1 ||    39
Dodge: Dodged            |    97 |     3 ||   100
       Rpst.: Long sword |    34 |       ||    34
